 Dungeon Crawl Stone Soup version 0.32-a0-433-g08bcfe7efd (webtiles) character file.

Game seed: 16624673366781225025

516333 Sobieck the Conqueror (level 25, -5/234 HPs)
             Began as a Coglin Berserker on Feb 21, 2024.
             Was the Champion of Trog.
             Slain by Josephina
             ... wielding a staff of cold
              (20 damage)
             ... on level 2 of the Crypt on Feb 22, 2024.
             The game lasted 02:02:25 (55486 turns).

Sobieck the Conqueror (Coglin Berserker)           Turns: 55486, Time: 02:02:25

Health: -5/234     AC: 41    Str: 25 (28) XL:     25   Next: 19%
Magic:  7/7        EV: 13    Int:  8      God:    Trog [******]
Gold:   1293       SH:  5    Dex: 14      Spells: 24/24 levels left

rFire   + + +        y - +9 demon trident (heavy) {god gift, Sachi}
rCold   + . .        o - +9 demon trident (antimagic) {god gift, Feng}
rNeg    + + +        S - +4 gold dragon scales
rPois   +            a - +2 helmet
rElec   +            u - +0 cloak {Will+}
rCorr   +            G - +0 pair of gloves of Action {+Blink rPois rN+++ Stlth-}
SInv    .            W - +2 pair of boots
Will    +++..        r - amulet of reflection Stlth
                     m - ring of willpower
HPRegen 0.59/turn    e - ring "Amyacuas" {+Blink rElec rF++ rCorr}
MPRegen 0.10/turn

%: reflection
@: revved
A: off-hand wielding, slow wielding, warmup strikes, legs shutdown
}: 3/15 runes: serpentine, barnacled, silver
a: Renounce Religion, Evoke Blink, Berserk, Trog's Hand, Brothers in Arms


You were on level 2 of the Crypt.
You worshipped Trog.
Trog was exalted by your worship.
You visited 8 branches of the dungeon, and saw 40 of its levels.
You visited the Abyss 1 time.
You also visited: Bailey.

You collected 4886 gold pieces.
You spent 3593 gold pieces at shops.

Inventory:

Hand Weapons
 o - a +9 antimagic demon trident (offhand) {god gift, Feng}
 y - a +9 heavy demon trident (weapon) {god gift, Sachi}
Missiles
 t - 37 boomerangs
 v - 44 javelins
 x - 18 silver javelins
 F - 6 curare-tipped darts
 Z - 4 throwing nets
Armour
 a - a +2 helmet (worn)
 u - a +0 cloak of willpower (worn)
 G - the +0 pair of gloves of Action (worn) {+Blink rPois rN+++ Stlth-}
   (You bought it in a shop on level 1 of the Shoals)

   rPois:     It protects you from poison rN+++: It renders you almost immune to
   negative energy.
   +Blink:    It lets you blink.
   Stlth-:    It makes you less stealthy.
 L - the +7 chain mail "Vunka" {rElec Will+ Str+2}
   (You bought it in a shop on level 1 of the Snake Pit)

   Str+2:     It affects your strength (+2).
   rElec:     It insulates you from electricity.
   Will+:     It increases your willpower.
 S - +4 gold dragon scales (worn)
 W - a +2 pair of boots (worn)
Jewellery
 c - a ring of protection from cold
 e - the ring "Amyacuas" (right grasper) {+Blink rElec rF++ rCorr}
   (You took it off a vault warden on level 5 of the Vaults)

   [ring of resist corrosion]

   rF++:      It greatly protects you from fire.
   rElec:     It insulates you from electricity.
   +Blink:    It lets you blink.
   rCorr:     It protects you from acid and corrosion.
 m - a ring of willpower (left grasper)
 r - an amulet of reflection (around neck)
 z - a +4 ring of protection
 C - a +4 ring of protection
Wands
 h - a wand of mindburst (30)
 k - a wand of quicksilver (41)
 A - a wand of roots (27)
 D - a wand of digging (30)
 E - a wand of charming (18)
 J - a wand of polymorph (10)
 V - a wand of flame (51)
Scrolls
 b - 2 scrolls of torment
 d - 9 scrolls of revelation
 f - 8 scrolls of poison
 g - 2 scrolls of silence {!r}
 n - 8 scrolls of fog
 p - 4 scrolls of noise
 I - 3 scrolls of immolation
 M - 3 scrolls of blinking
 R - 17 scrolls of identify
 T - 14 scrolls of teleportation
 U - 2 scrolls of butterflies
Potions
 i - 6 potions of resistance
 l - 11 potions of might
 q - 3 potions of mutation
 s - 5 potions of lignification
 w - 2 potions of cancellation
 B - a potion of invisibility
 H - a potion of haste
 P - 9 potions of enlightenment
 Q - 14 potions of curing
 X - 5 potions of ambrosia
 Y - 2 potions of berserk rage
Miscellaneous
 K - a phantom mirror
 N - a sack of spiders (inert)
 O - a condenser vane (inert)


   Skills:
 O Level 27 Fighting
 - Level 14.0 Polearms
 + Level 24.4 Armour
 - Level 17.0 Dodging
 - Level 16.1 Evocations


You had 24 spell levels left.
You didn't know any spells.
Your spell library was empty.

Dungeon Overview and Level Annotations

Branches:
Dungeon (15/15)            Temple (0/1) D:4            Lair (5/5) D:9
 Shoals (4/4) Lair:2        Snake (4/4) Lair:3        Slime (0/5) Lair:5
    Orc (2/2) D:10            Elf (3/3) Orc:2        Vaults (5/5) D:13
  Crypt (2/3) Vaults:2     Depths (0/4) D:15         Bailey (visited)

Altars:
Elyvilon
Gozag
Kikubaaqudgha
Nemelex Xobeh
Sif Muna
Trog
Uskayaw
Vehumet
Wu Jian
Yredelemnul
Beogh
Jiyva

Shops:
D:3 *   D:8 (   D:13 (   D:14 :   D:15 !   Orc:2 (:!(   Elf:1 *   Elf:2 =!
Elf:3 *   Shoals:1 [[(   Snake:1 [**   Vaults:1 *   Vaults:3 (   Vaults:4 !!(**

Annotations:
D:4 1 transporter
Lair:5 exclusion: obsidian statue
Shoals:3 2 runed translucent doors, Qippavve's ghost, journeyman OpCj
Elf:2 3 runed translucent doors
Crypt:2 Josephina


Innate Abilities, Weirdness & Mutations

You can wield a second weapon in your off-hand.
It takes a long time for you to wield or remove held weapons.
Your first few attacks do less damage.
Attacking and casting redirects power from your legs.


Message History

Unknown command.
You hit Josephina but do no damage.
Josephina is heavily damaged.
You closely miss Josephina with your +9 heavy demon trident.
Josephina hits you but does no damage. Josephina freezes you!
* * * LOW HITPOINT WARNING * * *
Josephina touches you but does no damage.
Unknown command.
You closely miss Josephina with your +9 antimagic demon trident.
Josephina is heavily damaged.
You spit Josephina like a pig with your +9 heavy demon trident!!!
The laughing skull cackles spitefully.
The bolt of negative energy hits you but does no damage.
You resist.
Unknown command.
You hit Josephina with your +9 antimagic demon trident.
Josephina's magic leaks into the air.
Josephina is severely damaged.
You miss Josephina with your +9 heavy demon trident.
Josephina's magic is no longer disrupted.
Josephina hits you with a staff of cold!
* * * LOW HITPOINT WARNING * * *
Josephina freezes you!! You resist.
* * * LOW HITPOINT WARNING * * *
Josephina freezes you!
* * * LOW HITPOINT WARNING * * *
Josephina closely misses you.
The laughing skull headbutts you but does no damage.
Unknown command.
You miss Josephina with your +9 heavy demon trident.
Josephina is severely damaged.
You closely miss Josephina with your +9 antimagic demon trident.
You block the black mamba simulacrum's attack.
The laughing skull headbutts you but does no damage.
Josephina hits you with a staff of cold.
* * * LOW HITPOINT WARNING * * *
Josephina freezes you!! You resist.
* * * LOW HITPOINT WARNING * * *
Josephina freezes you.
* * * LOW HITPOINT WARNING * * *
Josephina touches you but does no damage.
Unknown command.
You feel much better.
You are no longer unable to travel.
The black mamba simulacrum bites you but does no damage.
You block the laughing skull's attack.
Josephina hits you with a staff of cold!
* * * LOW HITPOINT WARNING * * *
Josephina freezes you!! You resist.
You die...

#.......zz#..............+
#.........ยง.Z............#
+.........'.z............#
+...###...Z..............+
+... #..##..............+
### #..###^............+
#..# #'''#.........# #..#
#Z..+LZ.......# #..#
#...#@z.......#
....######+++##


You could see Josephina, a laughing skull and a black mamba simulacrum.

Vanquished Creatures
  Khufu (Crypt:1)
  3 royal mummies (Crypt:1)
  Xtahua (Vaults:5)
  Boris (Vaults:2)
  Saint Roka (Snake:3)
  2 golden dragons (Vaults:5)
  2 bone dragons
  4 tentacled monstrosities (Vaults:5)
  Zenata (Vaults:2)
  Mlioglotl (Shoals:1)
  Jorgrun (Shoals:3)
  3 deep elf blademasters (Elf:3)
  4 deep elf master archers (Elf:3)
  11 titans
  7 sphinxes
  A quicksilver dragon (Vaults:5)
  2 ancient champions (Crypt:1)
  Frances (Shoals:2)
  A tentacled starspawn (Abyss:1)
  6 tengu reavers (Vaults:5)
  A storm dragon (Vaults:5)
  Roxanne (Snake:4)
  Ilsuiw (Shoals:2)
  15 nagarajas
  Donald (Vaults:2)
  A fire giant (Vaults:5)
  Aizul (Snake:3)
  A frost giant (Vaults:5)
  Louise (Elf:3)
  6 deep elf sorcerers
  25 vault wardens
  3 ghouls (Crypt:1)
  4 orc warlords
  3 formless jellyfish
  13 ironbound preservers
  A very ugly thing (Vaults:5)
  6 stone giants
  4 deep elf demonologists
  11 ironbound thunderhulks
  4 vampire knights (Crypt:1)
  9 deep elf annihilators
  13 deep elf death magi
  6 dire elephants
  4 war gargoyles
  3 ettins (Vaults:5)
  5 eidola
  4 mummy priests (Crypt:1)
  4 deep elf high priests
  2 crystal guardians (Vaults:3)
  5 merfolk javelineers
  2 jiangshi (Crypt:1)
  16 merfolk impalers
  An entropy weaver (Vaults:1)
  4 great orbs of eyes
  A salamander tyrant (Snake:4)
  12 hydras
  14 yaktaur captains
  A rakshasa (D:15)
  41 vault guards
  3 merfolk avatars
  7 ogre magi
  2 peacekeepers (Vaults:3)
  10 ironbound frosthearts
  3 alligator snapping turtles
  An Orb Guardian zombie (Crypt:1)
  A death knight (Crypt:1)
  10 anacondas
  4 centaur warriors
  A bennu zombie (Crypt:2)
  12 dancing weapons
  17 naga warriors
  9 merfolk aquamancers
  4 tengu warriors
  11 death yaks
  6 two-headed ogres
  2 vampire magi (Crypt:1)
  5 satyrs
  3 orc high priests (Elf:1)
  A boulder beetle (Vaults:4)
  11 naga sharpshooters
  3 occultists (D:15)
  4 shock serpents
  Urug (Lair:4)
  Sonja (Lair:1)
  A hell knight (Vaults:5)
  2 wretched stars (Abyss:1)
  18 deep elf knights
  A soul eater (Crypt:1)
  Nergalle (Orc:2)
  A glowing orange brain (Vaults:1)
  15 skeletal warriors
  9 mana vipers
  2 spectral death yaks (Lair:5)
  2 salamander mystics (Snake:4)
  15 sea snakes
  24 ironbound convokers
  7 arcanists
  A spectral anaconda (Lair:5)
  6 skysharks
  20 deep trolls
  15 deep elf archers
  9 naga ritualists
  26 harpies
  3 bog bodies
  20 deep elf zephyrmancers
  A lindwurm (Vaults:1)
  33 deep elf pyromancers
  8 necromancers
  14 orc knights
  10 phantasmal warriors
  An oklob plant (Lair:1)
  A wolf spider zombie (D:15)
  10 orc sorcerers
  17 fauns
  A shadow dragon skeleton (Crypt:1)
  25 ugly things
  3 large abominations (Abyss:1)
  17 cyclopes
  15 salamanders
  9 manticores
  A dire elephant zombie (Lair:5)
  7 merfolk sirens
  16 elephants
  3 meliai
  20 naga magi
  An elf zombie (Vaults:1)
  44 black mambas
  12 guardian serpents
  8 centaur zombies (D:15)
  9 water nymphs
  A worldbinder (Abyss:1)
  24 vault sentinels
  2 torpor snails (Lair:2)
  11 cane toads
  3 gargoyles
  3 freezing wraiths (Crypt:1)
  A rime drake (Lair:5)
  A smoke demon (Abyss:1)
  11 centaur skeletons (D:15)
  A hellion (Abyss:1)
  Psyche (D:12)
  30 yaktaurs
  A tengu conjurer (D:13)
  A black draconian zombie (Crypt:2)
  8 komodo dragons
  A green draconian skeleton (Crypt:1)
  An efreet (D:14)
  3 redback zombies
  3 guardian mummies (Crypt:1)
  An iron giant simulacrum (Crypt:2)
  2 yaktaur skeletons
  26 merfolk
  9 wind drakes
  5 starcursed masses (Abyss:1)
  2 ancient zymes (Abyss:1)
  7 polar bears
  5 trolls
  3 hornets
  A raiju (Abyss:1)
  A spectral elephant (Lair:5)
  Prince Ribbit (D:6)
  19 blink frogs
  8 snapping turtles
  An ettin zombie (Vaults:1)
  8 dream sheep
  Sigmund (D:2)
  2 centaur simulacra (D:15)
  7 air elementals
  24 slime creatures
  32 water elementals
  A dire elephant simulacrum (Crypt:2)
  A culicivora (Vaults:1)
  5 small abominations (Abyss:1)
  4 wraiths
  A vampire (D:11)
  6 wyverns
  32 yaks
  5 basilisks
  3 fire elementals
  A black mamba skeleton (Crypt:1)
  A steam dragon (D:9)
  2 wargs
  2 humans (D:13)
  A redback (Vaults:1)
  2 vampire mosquitoes (D:13)
  A death yak simulacrum (Lair:5)
  A spectral cane toad (Lair:5)
  A swamp worm (shapeshifter) (Vaults:5)
  2 chaos spawn (Abyss:1)
  2 acid dragons
  A water moccasin (shapeshifter) (D:15)
  40 nagas
  16 water moccasins
  A human zombie (Vaults:1)
  A sky beast (D:7)
  A black bear (D:9)
  6 laughing skulls
  34 orc warriors
  2 ice beasts
  11 ogres
  18 wolves
  24 centaurs
  5 elephant skeletons (Lair:5)
  5 kobold brigands
  4 bullfrogs
  2 weeping skulls (Abyss:1)
  2 gnoll sergeants
  3 earth elementals
  A cyclops zombie (Crypt:2)
  A scorpion (D:5)
  A wyvern zombie (Crypt:2)
  3 cane toad simulacra (Lair:5)
  14 wights
  An elephant simulacrum (Lair:5)
  12 killer bees
  A shapeshifter skeleton (Crypt:2)
  10 howler monkeys
  4 electric eels
  4 bombardier beetles
  3 hounds
  A jelly (D:4)
  4 gnoll boudas
  13 orc priests
  Terence (D:2)
  3 sleepcaps
  An iguana (D:5)
  31 orc wizards
  2 boggart skeletons (D:15)
  An ogre skeleton (Crypt:1)
  A hound skeleton (Crypt:1)
  21 gnolls
  6 adders
  A shadow imp (D:5)
  A white imp (D:6)
  2 ufetubi (D:5)
  An iguana skeleton (Crypt:1)
  2 dart slugs (D:2)
  81 orcs
  3 bats
  5 endoplasms
  2 giant cockroaches
  17 goblins
  8 hobgoblins
  7 jackals
  2 quokkas (D:5)
  A river rat zombie (Crypt:1)
  9 ball pythons
  4 frilled lizards
  22 kobolds
  9 rats
  A starspawn tentacle (Abyss:1)
1760 creatures vanquished.

Vanquished Creatures (collateral kills)
  A fire giant (Vaults:5)
  A merfolk javelineer (Shoals:4)
  A vault guard (Vaults:5)
  A sea snake (Shoals:4)
  An ugly thing (Vaults:4)
  An orc warrior (Elf:1)
6 creatures vanquished.

Vanquished Creatures (others)
  A stone giant (Vaults:5)
  A caustic shrike simulacrum (Crypt:2)
  A boulder beetle (Vaults:1)
  A water elemental (Elf:1)
  An orc wizard (Orc:2)
  2 starspawn tentacles (Abyss:1)
7 creatures vanquished.

Grand Total: 1773 creatures vanquished

Notes
Turn   | Place    | Note
-------+----------+-------------------------------------------
     0 | D:1      | Sobieck the Coglin Berserker began the quest for the Orb.
     0 | D:1      | Reached XP level 1. HP: 18/18 MP: 1/1
    55 | D:1      | Reached skill level 3 in Polearms
    63 | D:1      | Reached XP level 2. HP: 24/24 MP: 2/2
   348 | D:1      | Reached XP level 3. HP: 29/29 MP: 3/3
   894 | D:2      | Noticed Sigmund
   906 | D:2      | Killed Sigmund
   907 | D:2      | Reached XP level 4. HP: 35/35 MP: 4/4
   907 | D:2      | Reached XP level 5. HP: 41/41 MP: 5/5
  1084 | D:2      | Noticed Terence
  1113 | D:2      | Killed Terence
  1114 | D:2      | Reached skill level 6 in Polearms
  1114 | D:2      | Reached XP level 6. HP: 45/47 MP: 6/6
  1540 | D:3      | Found a faded altar of an unknown god.
  1611 | D:3      | Found Yguydwyxt's Assorted Antiques.
  1640 | D:3      | Reached ** piety under Trog
  2104 | D:3      | Reached XP level 7. HP: 52/52 MP: 7/7
  2272 | D:3      | Reached skill level 4 in Fighting
  2557 | D:4      | Reached skill level 5 in Fighting
  2812 | D:4      | Reached *** piety under Trog
  3027 | D:4      | Reached XP level 8. HP: 64/64 MP: 8/8
  3094 | D:4      | Reached skill level 6 in Fighting
  3347 | D:4      | Found a staircase to the Ecumenical Temple.
  3553 | D:4      | Found a sparkling altar of Nemelex Xobeh.
  3553 | D:4      | Found a transporter.
  3554 | D:4      | Noticed a two-headed ogre
  3667 | D:5      | Entered Level 5 of the Dungeon
  4087 | D:5      | Reached skill level 7 in Fighting
  4421 | D:5      | Identified the +0 tower shield "Iczosavopt" {Regen+}
  4805 | D:6      | Reached skill level 8 in Fighting
  4845 | D:6      | Noticed Prince Ribbit
  4856 | D:6      | Killed Prince Ribbit
  5092 | D:6      | Found a shimmering blue altar of Sif Muna.
  5097 | D:6      | Reached skill level 9 in Fighting
  5097 | D:6      | Reached XP level 9. HP: 74/76 MP: 9/9
  5693 | D:6      | Reached skill level 10 in Fighting
  5945 | D:7      | Found a flagged portal.
  5951 | D:7      | Reached **** piety under Trog
  5958 | Bailey   | Entered a bailey
  7093 | Bailey   | Reached skill level 9 in Polearms
  7469 | Bailey   | Reached XP level 10. HP: 58/85 MP: 10/10
  8116 | D:7      | Noticed a cyclops
  8140 | D:7      | Killed a cyclops
  8569 | D:3      | Bought a scroll of identify for 38 gold pieces
  8569 | D:3      | Bought a bubbling inky potion for 17 gold pieces
  8569 | D:3      | Bought a scroll of identify for 38 gold pieces
  8569 | D:3      | Bought a scroll of teleportation for 57 gold pieces
  8569 | D:3      | Bought a scroll labelled CEASILOVO for 19 gold pieces
  8789 | D:7      | Reached skill level 11 in Fighting
  9092 | D:7      | Reached ***** piety under Trog
  9636 | D:8      | Paralysed by a hornet for 1 turns
  9643 | D:8      | Reached skill level 12 in Fighting
 10248 | D:8      | Found Ubysitux's Antique Weapon Emporium.
 10507 | D:8      | Reached skill level 13 in Fighting
 10618 | D:9      | Noticed a two-headed ogre
 10642 | D:9      | Killed a two-headed ogre
 10643 | D:9      | Reached skill level 14 in Fighting
 10643 | D:9      | Reached XP level 11. HP: 94/100 MP: 11/11
 10830 | D:9      | Found a staircase to the Lair.
 11046 | D:9      | Reached skill level 15 in Fighting
 11477 | D:10     | Entered Level 10 of the Dungeon
 11525 | D:10     | Found a bloodstained altar of Trog.
 11930 | D:10     | Received a gift from Trog
 12152 | D:10     | Found a staircase to the Orcish Mines.
 12224 | D:10     | Found a hide-covered altar of Uskayaw.
 12224 | D:10     | Noticed a tengu warrior
 12239 | D:10     | Killed a tengu warrior
 12466 | D:10     | Found a radiant altar of Vehumet.
 12473 | D:10     | Reached skill level 16 in Fighting
 12477 | D:10     | Found an ancient bone altar of Kikubaaqudgha.
 12661 | D:11     | Noticed a cyclops
 12665 | D:11     | Killed a cyclops
 12833 | D:11     | Noticed a cyclops
 12849 | D:11     | Killed a cyclops
 12850 | D:11     | Reached skill level 12 in Polearms
 13157 | D:11     | Noticed a cyclops
 13157 | D:11     | Noticed a manticore
 13164 | D:11     | Killed a manticore
 13168 | D:11     | Killed a cyclops
 13540 | D:12     | Reached XP level 12. HP: 98/111 MP: 4/12
 14180 | D:12     | Noticed Psyche
 14185 | D:12     | Killed Psyche
 14910 | D:13     | Found Utexzoyco's Weapon Emporium.
 14910 | D:13     | Noticed a +0 demon whip
 14919 | D:13     | Noticed a centaur warrior
 15029 | Lair:1   | Entered Level 1 of the Lair of Beasts
 15085 | Lair:1   | Reached skill level 17 in Fighting
 15361 | Lair:1   | Reached skill level 18 in Fighting
 15559 | Lair:1   | Received a gift from Trog
 15596 | Lair:1   | Noticed a seven-headed hydra
 15612 | Lair:1   | Killed a seven-headed hydra
 15721 | Lair:1   | Noticed Sonja
 15731 | Lair:1   | Killed Sonja
 15732 | Lair:1   | Reached skill level 19 in Fighting
 15732 | Lair:1   | Reached XP level 13. HP: 60/125 MP: 4/13
 15925 | Lair:1   | Found an ornate altar of the Wu Jian Council.
 16029 | Lair:1   | Identified the +0 chain mail "Etolynt" {rN+ MP+9 Str+2
                  | Dex+5}
 16112 | Lair:1   | Reached skill level 3 in Armour
 16202 | Lair:1   | Found the +1 robe of Vines {NoPotionHeal Regen++++}
 16910 | Lair:2   | Reached skill level 3 in Dodging
 17312 | Lair:2   | Reached skill level 6 in Dodging
 17407 | Lair:2   | Found a staircase to the Shoals.
 17892 | Shoals:1 | Entered Level 1 of the Shoals
 18015 | Lair:3   | Reached skill level 6 in Armour
 18094 | Lair:3   | Reached XP level 14. HP: 133/133 MP: 7/14
 18161 | Lair:3   | Received a gift from Trog
 18222 | Lair:3   | Found a staircase to the Snake Pit.
 18407 | Lair:3   | Reached skill level 9 in Armour
 18899 | Lair:4   | Noticed Urug
 18912 | Lair:4   | Killed Urug
 19721 | Lair:5   | Entered Level 5 of the Lair of Beasts
 19821 | Lair:5   | Noticed a dire elephant
 19821 | Lair:5   | Noticed a dire elephant
 19944 | Lair:5   | Killed a dire elephant
 19955 | Lair:5   | Killed a dire elephant
 20382 | Lair:5   | Reached skill level 20 in Fighting
 20534 | Lair:5   | Received a gift from Trog
 20796 | Lair:5   | Reached skill level 21 in Fighting
 20799 | Lair:5   | Reached XP level 15. HP: 109/144 MP: 8/15
 21020 | Lair:5   | Found a viscous altar of Jiyva.
 21020 | Lair:5   | Found a staircase to the Slime Pits.
 21154 | Lair:5   | Identified the +0 kite shield of the Shoals {rF+++ rC- rN++
                  | Int+3}
 21838 | Orc:1    | Entered Level 1 of the Orcish Mines
 22077 | Orc:1    | Reached skill level 22 in Fighting
 22168 | Orc:2    | Entered Level 2 of the Orcish Mines
 22204 | Orc:2    | Found a staircase to the Elven Halls.
 22512 | Orc:2    | Received a gift from Trog
 22522 | Orc:2    | Found Ynekh's Antique Weapon Shop.
 22557 | Orc:2    | Found Datel's Book Boutique.
 22590 | Orc:2    | Found a radiant altar of Vehumet.
 22614 | Orc:2    | Noticed Nergalle
 22621 | Orc:2    | Killed Nergalle
 22634 | Orc:2    | Found an ancient bone altar of Kikubaaqudgha.
 22674 | Orc:2    | Found a roughly hewn altar of Beogh.
 22687 | Orc:2    | Found Ocviseps's Distillery.
 22698 | Orc:2    | Found Kyuhek's Antique Weapon Shop.
 23098 | Shoals:1 | Noticed Mlioglotl
 23113 | Shoals:1 | Noticed a tentacled starspawn
 23123 | Shoals:1 | Killed Mlioglotl
 23306 | Shoals:1 | Found Soli Nis's Antique Armour Shop.
 23315 | Shoals:1 | Bought a brightly glowing plate armour for 840 gold pieces
 23315 | Shoals:1 | Identified the +6 plate armour of Omupojur {rF+ Int+3} (You
                  | bought it in a shop on level 1 of the Shoals)
 23573 | Shoals:1 | Reached skill level 23 in Fighting
 23647 | Shoals:1 | Received a gift from Trog
 23789 | Shoals:1 | Found Delugaj's Armour Shoppe.
 23798 | Shoals:1 | Bought the +0 pair of gloves of Action {+Blink rPois rN+++
                  | Stlth-} for 592 gold pieces
 24016 | Shoals:1 | Found Voobenog's Antique Weapon Shoppe.
 24185 | Shoals:2 | Reached XP level 16. HP: 149/157 MP: 5/16
 24242 | Shoals:2 | Noticed Frances
 24265 | Shoals:2 | Killed Frances
 24293 | Shoals:2 | Noticed Ilsuiw
 24712 | Shoals:2 | Killed Ilsuiw
 24713 | Shoals:2 | Reached skill level 12 in Armour
 24878 | Shoals:2 | Reached skill level 9 in Dodging
 25327 | Shoals:2 | Reached ****** piety under Trog
 25925 | Shoals:3 | Upgraded the game from 0.32-a0-422-g28b100f618 to
                  | 0.32-a0-433-g08bcfe7efd
 25996 | Shoals:3 | Received a gift from Trog
 26329 | Shoals:3 | Found a large runed translucent door.
 26329 | Shoals:3 | Found a large runed translucent door.
 26330 | Shoals:3 | Noticed Qippavve's ghost (journeyman OpCj)
 26372 | Shoals:3 | Noticed Jorgrun
 26378 | Shoals:3 | Killed Jorgrun
 26729 | Shoals:4 | Entered Level 4 of the Shoals
 26975 | Shoals:4 | Paralysed by an air elemental for 1 turns
 27053 | Shoals:4 | Reached XP level 17. HP: 146/163 MP: 5/17
 27053 | Shoals:4 | Paralysed by an air elemental for 1 turns
 27593 | Shoals:4 | Paralysed by an air elemental for 1 turns
 27610 | Shoals:4 | Paralysed by an air elemental for 1 turns
 27990 | Shoals:4 | Noticed a titan
 27993 | Shoals:4 | Killed a titan
 28093 | Shoals:4 | Got a barnacled rune of Zot
 28111 | Shoals:4 | Identified the +7 scimitar of Context {antimagic, Stlth+}
 28151 | Shoals:4 | Reached skill level 12 in Dodging
 28263 | Shoals:4 | Paralysed by an air elemental for 1 turns
 28267 | Shoals:4 | Paralysed by an air elemental for 1 turns
 28275 | Shoals:4 | Received a gift from Trog
 28958 | Snake:1  | Entered Level 1 of the Snake Pit
 29441 | Snake:1  | Reached skill level 15 in Armour
 29503 | Snake:1  | Received a gift from Trog
 29666 | Snake:1  | Found Ufeac Kug's Armour Emporium.
 29672 | Snake:1  | Found Obrago's General Store.
 29677 | Snake:1  | Found Vozehabi's General Store.
 29691 | Snake:1  | Bought the +7 chain mail "Vunka" {rElec Will+ Str+2} for
                  | 822 gold pieces
 29891 | Elf:1    | Entered Level 1 of the Elven Halls
 29987 | Elf:1    | Reached XP level 18. HP: 161/171 MP: 6/18
 30459 | Elf:1    | Received a gift from Trog
 30820 | Elf:1    | Reached skill level 15 in Dodging
 31063 | Elf:1    | Reached skill level 1 in Evocations
 31232 | Elf:1    | Found Bumogat's Assorted Antiques.
 31476 | Elf:1    | You fall into a shaft and drop 1 floor!
 31486 | Elf:2    | Found Suhatt's Distillery.
 31818 | Elf:2    | Found Lomeaduw's Jewellery Emporium.
 31857 | Elf:2    | Reached skill level 3 in Evocations
 32059 | Elf:1    | Found a roughly hewn altar of Beogh.
 32704 | Elf:2    | Found a runed translucent gate.
 32704 | Elf:2    | Found a runed translucent gate.
 32704 | Elf:2    | Found a runed translucent gate.
 32772 | Elf:3    | Entered Level 3 of the Elven Halls
 32844 | Elf:3    | Received a gift from Trog
 32871 | Elf:3    | Noticed Louise
 32879 | Elf:3    | Killed Louise
 33193 | Elf:3    | Reached skill level 6 in Evocations
 33309 | Elf:3    | Found Axarruxo's General Store.
 33629 | Elf:3    | Reached XP level 19. HP: 177/178 MP: 6/19
 33825 | Elf:3    | Received a gift from Trog
 34412 | Elf:3    | Identified the +7 morningstar of Karma {venom, Int+3 Dex+3
                  | Stlth+}
 34748 | Elf:3    | Reached skill level 9 in Evocations
 34881 | Elf:3    | Identified the +0 chain mail of Perfidy {Int+6 Dex-5}
 34895 | Elf:3    | Identified the +9 long sword "Boveb" {spect, Will++ Str-3
                  | Int+6}
 34916 | Elf:3    | Identified the +6 plate armour "Vemoilau" {rF+ rN+ Str+2}
 34972 | Elf:3    | Found the +7 hand cannon "Mule" {flame, backblast, rF+}
 35022 | Elf:3    | Identified the +3 shortbow of Wealth {antimagic, rPois
                  | Dex+3}
 35027 | Elf:3    | Identified the +6 shortbow "Giantbane" {freeze, rC++ Int+3
                  | Dex+2 Stlth-}
 35772 | Snake:1  | Found a white marble altar of Elyvilon.
 37356 | Snake:3  | Received a gift from Trog
 37776 | Snake:3  | Reached XP level 20. HP: 180/185 MP: 6/20
 37815 | Snake:3  | Reached skill level 12 in Evocations
 37826 | Snake:3  | Identified the serpent talisman of the Hidden Vale {Int+4}
 37826 | Snake:3  | Noticed Aizul
 37834 | Snake:3  | Killed Aizul
 37852 | Snake:3  | Noticed Saint Roka
 37959 | Snake:3  | Killed Saint Roka
 38041 | Snake:3  | Found an opulent altar of Gozag.
 38218 | Snake:4  | Entered Level 4 of the Snake Pit
 38243 | Snake:4  | Noticed Roxanne
 38560 | Snake:4  | Received a gift from Trog
 38572 | Snake:4  | Reached skill level 18 in Armour
 38678 | Abyss:1  | Cast into level 1 of the Abyss (salamander)
 38901 | Abyss:1  | Noticed a bone dragon
 38916 | Abyss:1  | Killed a bone dragon
 39095 | Snake:4  | Escaped the Abyss
 39313 | Snake:4  | Received a gift from Trog
 40264 | Snake:4  | Got a serpentine rune of Zot
 40458 | Snake:4  | Identified the +3 halberd "Grim" {flame, ^Drain rC+ Int+2
                  | Dex+2}
 40467 | Snake:4  | Identified the +8 quarterstaff of Zis Kaol {god gift,
                  | antimagic, Dex+2} (Trog gifted it to you on level 4 of the
                  | Snake Pit)
 40467 | Snake:4  | Received a gift from Trog
 41110 | Snake:4  | Killed Roxanne
 41520 | D:13     | Found a gate to the Vaults.
 42115 | D:14     | Found Rahoad's Tiny Tomes.
 42604 | D:15     | Entered Level 15 of the Dungeon
 42635 | D:15     | Found Qulihoys's Distillery.
 42658 | D:15     | Reached skill level 15 in Evocations
 42663 | D:15     | Reached XP level 21. HP: 181/192 MP: 7/21
 42669 | D:15     | Received a gift from Trog
 42689 | D:15     | Bought a potion of experience for 650 gold pieces
 42689 | D:15     | Reached XP level 22. HP: 200/200 MP: 7/22
 42851 | D:15     | Found a staircase to the Depths.
 43064 | D:15     | Found the +9 sword of Zonguldrok {reap}
 43578 | Vaults:1 | Entered Level 1 of the Vaults
 43604 | Vaults:1 | Received a gift from Trog
 43721 | Vaults:1 | Reached skill level 21 in Armour
 43824 | Vaults:1 | Identified the +0 scale mail of Bolio {Will+ Stlth+}
 43868 | Vaults:1 | Found Unabukhlo's General Store.
 44418 | Vaults:1 | Received a gift from Trog
 45116 | Vaults:2 | Identified the +3 robe of Zausiawn {rC+ Regen+ MP+9 Stlth-}
 45116 | Vaults:2 | Noticed Boris
 45125 | Vaults:2 | Killed Boris
 45170 | Vaults:2 | Noticed Zenata
 45181 | Vaults:2 | Killed Zenata
 45370 | Vaults:2 | Noticed Donald
 45382 | Vaults:2 | Killed Donald
 45600 | Vaults:2 | Found a staircase to the Crypt.
 45600 | Vaults:2 | Found a basalt altar of Yredelemnul.
 45600 | Vaults:2 | Found an ancient bone altar of Kikubaaqudgha.
 45870 | Vaults:2 | Received a gift from Trog
 46299 | Vaults:3 | Reached XP level 23. HP: 185/208 MP: 7/23
 46505 | Vaults:3 | Reached skill level 24 in Fighting
 46849 | Vaults:3 | Received a gift from Trog
 47628 | Vaults:3 | Found Nyeb's Weapon Shoppe.
 48134 | Snake:1  | Bought a sack of spiders for 520 gold pieces
 48529 | Vaults:4 | Found the +10 morningstar "Eos" {elec, Halo rElec}
 48652 | Vaults:4 | Reached skill level 25 in Fighting
 48848 | Vaults:4 | Found Oshoe's Weapon Boutique.
 49131 | Vaults:4 | Found Qix Kaniuf's General Store.
 49159 | Vaults:4 | Found Bati's General Store.
 49370 | Vaults:4 | Received a gift from Trog
 49738 | Vaults:4 | Found Fasagiur's Distillery.
 49794 | Vaults:4 | Found Qemawepn's Distillery.
 49966 | Vaults:5 | Entered Level 5 of the Vaults
 50040 | Vaults:5 | Reached skill level 26 in Fighting
 50090 | Vaults:5 | Received a gift from Trog
 50124 | Vaults:5 | Reached XP level 24. HP: 121/224 MP: 7/23
 50690 | Vaults:5 | Got a silver rune of Zot
 50966 | Vaults:5 | Reached skill level 27 in Fighting
 51035 | Vaults:5 | Identified the +7 chain mail "Galefet" {rPois}
 51219 | Vaults:5 | Identified the +3 ring mail of Sophism {+Inv rPois rF-
                  | Stlth-}
 51253 | Vaults:5 | Noticed Xtahua
 51345 | Vaults:5 | Killed Xtahua
 51694 | Vaults:5 | Received a gift from Trog
 51885 | Vaults:5 | Identified the ring "Amyacuas" {+Blink rElec rF++ rCorr}
 51909 | Vaults:5 | Identified the +4 scale mail "Cudomm" {Fly}
 51912 | Vaults:5 | Identified the ring of Nyxzydgh {Ice Int+3}
 52337 | Vaults:5 | Identified the +8 chain mail "Paidgh" {rPois}
 52746 | Crypt:1  | Entered Level 1 of the Crypt
 53028 | Crypt:1  | Noticed a royal mummy
 53073 | Crypt:1  | Killed a royal mummy
 53674 | Crypt:1  | Received a gift from Trog
 53748 | Crypt:1  | Reached XP level 25. HP: 219/234 MP: 7/23
 53860 | Crypt:1  | Reached skill level 24 in Armour
 54240 | Crypt:1  | Noticed a royal mummy
 54247 | Crypt:1  | Killed a royal mummy
 54294 | Crypt:1  | Noticed Khufu
 54302 | Crypt:1  | Killed Khufu
 54302 | Crypt:1  | Noticed a royal mummy
 54355 | Crypt:1  | Killed a royal mummy
 55443 | Crypt:2  | Identified the ring "Naosapuh" {Ice Will- Str+6}
 55443 | Crypt:2  | Noticed Josephina
 55485 | Crypt:2  | HP: 7/234 [Josephina/staff of cold (22)]
 55485 | Crypt:2  | HP: 3/234 [Josephina/staff of cold (4)]
 55486 | Crypt:2  | Slain by Josephina

Illustrated notes

Levels and vault maps discovered:
D:1:      dpeg_arrival_rooms_with_view, layout_basic
D:2:      layout_basic, uniq_sigmund, uniq_terence
D:3:      layout_rooms, serial_shops, shop, nicolae_ecumenical_pavilion
D:4:      layout_loops_ring, grunt_nemelex_the_gamble,
          minmay_temple_entry_overgrown
D:5:      layout_basic
D:6:      layout_gridville, nicolae_sif_muna_condensation, nicolae_benzene_ring,
          minivault_26, chequers_mini_garden, minmay_misc_feat_rugged,
          uniq_prince_ribbit1
D:7:      kennysheep_housing_project, layout_loops_ring, enter_bailey_3
D:8:      layout_loops_cross, serial_shops, shop
D:9:      layout_irregular_city, david_lair_generic
D:10:     layout_irregular_city, nicolae_uskayaw_suspiria,
          jmf_multi_god_temple2, trog_book, david_orc_4
D:11:     layout_irregular_city
D:12:     layout_basic, uniq_psyche
D:13:     layout_long_grid, hellmonk_vaults_keyhole, serial_shops,
          nicolae_shop_mannequins
D:14:     layout_irregular_city, corexii_leaking_fountain,
          nicolae_shop_i_like_small_books_too
D:15:     grunt_enter_depths_magical_seal, layout_loops_ring, fountainhead,
          serial_shops, shop, minmay_guarded_unrand_zonguldrok
Lair:1:   layout_cave_pods, basic_altar, hellmonk_guarded_unrand_vines,
          grunt_megastairs_4, uniq_sonja
Lair:2:   layout_regular_city, elwin_shoals_entry_rooms, lemuel_fruit_tree
Lair:3:   layout_gridlike, minmay_snake_entry_six_corridors, grunt_megastairs_1
Lair:4:   layout_gridlike, chequers_serial_rivers_micro_c,
          serial_bayou_crossing, uniq_urug
Lair:5:   due_jungle_book, layout_regular_city, dpeg_slime_entry_enclosed,
          cheibrodos_lair_lostbears
Shoals:1: layout_shoals, serial_shops, nicolae_shop_tiny_real_fake_doors, shop,
          shop, nicolae_shoals_water_booths, uniq_mlioglotl
Shoals:2: layout_shoals, nicolae_shoals_water_shrine, uniq_ilsuiw, uniq_frances
Shoals:3: layout_shoals, ebering_ghost_disaster_area,
          nicolae_shoals_the_drawing_of_the_three, uniq_jorgrun
Shoals:4: shoals_end_hellmonk_storm_palace [storm_palace_center_ruins,
          storm_palace_corner_reverse_hut, storm_palace_corner_blocked,
          storm_palace_corner_pillars, storm_palace_corner_pillars]
Snake:1:  layout_misc_corridors, portal_ice_cave_entry_pillars_three,
          serial_shops, shop, basic_altar, grunt_megastairs_5, minmay_shop_star
Snake:2:  nicolae_snake_unarmed_stairs_patrol, layout_cave_town,
          serial_bayou_shore_a
Snake:3:  layout_cave_shapes, basic_altar, uniq_saint_roka, uniq_aizul
Snake:4:  grunt_snake_rune_spirals, layout_onion,
          nicolae_snake_slithery_hallway, uniq_roxanne
Orc:1:    layout_caves
Orc:2:    kennysheep_orc_mage_school, layout_caves
Elf:1:    eino_elf_arrival_sip, layout_geoelf_diagonals, serial_shops, shop,
          special_room [special_room_orc], minmay_elf_demonology
Elf:2:    nicolae_elf_blades_splatter_lattice
          [nicolae_blade_entry_area_security], layout_gridlike, serial_shops,
          nicolae_shop_stone, minmay_shop_enchanted_jewellery, lemuel_elevator
Elf:3:    minmay_elf_hall_statues, layout_geoelf_grid, serial_shops,
          nicolae_shop_tiny_waterfront, amethyst_killhole, uniq_louise
Vaults:1: nicolae_vaults_little_squares_6, nicolae_vaults_big_angled_halls,
          nicolae_vaults_theta, dpeg_vaults_monster_box,
          nicolae_vaults_shelves_hall, vaults_mumra_hex,
          nicolae_vaults_tetromino_T_2, nicolae_vaults_two_Ls,
          nicolae_vaults_quartermaster, nicolae_vaults_storage_room_water,
          layout_vaults_omnibox, serial_shops, shop
Vaults:2: vaults_mumra_hexcomb, minmay_crypt_entry_necro_gods,
          nicolae_vaults_shrinking_rooms_2, v_misc_29, v_misc_13, v_misc_2,
          v_misc_30, hangedman_vaults_trim, nicolae_vaults_trapezoid_lopsided_1,
          nicolae_vaults_tetromino_Z_2, vaults_dpeg_emergency_exit,
          layout_vaults_omnigrid, uniq_donald, uniq_zenata, uniq_boris
Vaults:3: hangedman_vaults_slice, nicolae_vaults_sesquioval_fish,
          vaults_room_semicircle, nicolae_vaults_specimen_jars,
          vaults_room_mumra_shop_pool, ontoclasm_vaults_decontamination,
          grunt_vaults_hallway_short, v_misc_2, v_rooms_6,
          nicolae_vaults_little_squares_1, layout_vaults_omnicross
Vaults:4: nicolae_vaults_more_shelving_1, nicolae_vaults_heart-shaped_vault,
          v_misc_19, nicolae_vaults_wine_cellar, hangedman_vaults_unwind,
          v_misc_5, vaults_room_grid, nicolae_vaults_heist,
          nicolae_vaults_display_case, nicolae_vaults_circle_grid_a,
          nicolae_vaults_prndl, nicolae_vaults_little_squares_6,
          layout_vaults_maze_bifur, serial_shops, shop,
          nicolae_shop_real_fake_doors, shop, shop, shop
Vaults:5: uniq_xtahua
Crypt:1:  ragdoll_tomb_raider, layout_chaotic_city,
          serial_sigils_hangedman_writhe, grunt_crypt_arrival_split
Crypt:2:  layout_gridlike, serial_library_hellmonk_hallway_b, uniq_josephina

Skill      XL: |  1  2  3  4  5  6  7  8  9 10 11 12 13 14 15 16 17 18 19 20 21 22 23 24 25 |
---------------+----------------------------------------------------------------------------+-----
Polearms       | 3 5 6 7 9 10 12 14 | 14.0
Fighting       | 5 9 10 14 16 19 21 23 26 27 | 27.0
Armour         | 2 7 11 13 15 17 20 22 23 24 | 24.4
Dodging        | 7 10 13 15 16 17 | 17.0
Evocations     | 7 11 15 16 | 16.1

Action                     |  1- 3 |  4- 6 |  7- 9 | 10-12 | 13-15 | 16-18 | 19-21 | 22-24 | 25-27 || total
---------------------------+-------+-------+-------+-------+-------+-------+-------+-------+-------++-------
  Melee: Spear             |    59 |    69 |       |   100 |       |       |       |       |       ||   228
         Trident           |       |    71 |   455 |   733 |   675 |   340 |       |       |       ||  2274
         Dagger            |       |    13 |   160 |       |       |       |       |       |       ||   173
         Demon trident     |       |       |       |   172 |   709 |  1319 |  1260 |  2230 |   167 ||  5857
  Throw: Stone             |       |       |     3 |     4 |     2 |       |       |       |       ||     9
 Invoke: Berserk           |     2 |     1 |     2 |     2 |       |     1 |     1 |     1 |       ||    10
         Trog's Hand       |       |       |     1 |     1 |       |     2 |       |     1 |       ||     5
         Brothers in Arms  |       |       |       |       |       |     3 |       |     2 |     2 ||     7
  Evoke: Phantom mirror    |       |       |       |       |       |     1 |       |       |       ||     1
         Sack of spiders   |       |       |       |       |       |       |       |     1 |     1 ||     2
         Condenser vane    |       |       |       |       |       |       |       |     1 |     1 ||     2
         Wand              |       |       |       |       |       |       |       |       |     1 ||     1
    Use: Potion            |       |       |     2 |       |     2 |     4 |     1 |     5 |     3 ||    17
         Scroll            |       |       |     9 |    19 |     7 |    11 |     3 |     6 |     2 ||    57
   Stab: Sleeping          |     2 |       |       |       |       |       |       |       |       ||     2
         Distracted        |       |       |       |     1 |       |     1 |       |     1 |       ||     3
         Invisible         |       |       |       |       |       |       |       |     5 |       ||     5
 Armour: Animal skin       |     8 |     4 |       |       |       |       |       |       |       ||    12
         Ring mail         |       |    26 |    13 |       |       |       |       |       |       ||    39
         Plate armour      |       |       |   255 |   342 |    94 |   403 |       |       |       ||  1094
         Chain mail        |       |       |       |       |   234 |   113 |   431 |   331 |       ||  1109
         Gold dragon scale |       |       |       |       |       |       |       |   246 |    72 ||   318
  Dodge: Dodged            |    10 |    19 |   119 |    90 |   155 |   244 |   314 |   314 |    31 ||  1296
  Block: Other             |       |       |       |       |       |       |    68 |   106 |    10 ||   184
         Reflection        |       |       |       |       |       |       |    21 |    18 |       ||    39

Table legend: (Time is in decaauts)
 A = Elapsed time spent in this place.
 B = Non-inter-level travel time spent in this place.
 C = Inter-level travel time spent in this place.
 D = Time resting spent in this place.
 E = Time spent auto-exploring this place.
 F = Levels seen in this place.
 G = Mean time per level.
                   A        B        C        D        E       F      G
               +--------+--------+--------+--------+--------+-----+--------+
         Total |  54629 |  51181 |   3448 |  11449 |  28630 |  42 | 1300.7 |
       Dungeon |  15564 |  13957 |   1607 |   1168 |  10465 |  15 | 1037.6 |
          Lair |   7267 |   6428 |    839 |    545 |   4832 |   5 | 1453.4 |
        Shoals |   6040 |   5886 |    154 |   1781 |   2105 |   4 | 1510.0 |
     Snake Pit |   5502 |   5282 |    220 |   1450 |   2600 |   4 | 1375.5 |
  Orcish Mines |   1021 |    902 |    119 |      0 |    740 |   2 |  510.5 |
   Elven Halls |   5563 |   5418 |    145 |   2389 |   1614 |   3 | 1854.3 |
        Vaults |   8520 |   8198 |    322 |   1988 |   4431 |   5 | 1704.0 |
         Crypt |   2681 |   2642 |     39 |   1171 |   1011 |   2 | 1340.5 |
         Abyss |    400 |    400 |      0 |      0 |    306 |   1 |  400.0 |
        Bailey |   2067 |   2067 |      0 |    954 |    523 |   1 | 2067.0 |
               +--------+--------+--------+--------+--------+-----+--------+

Top non-repeatable levels by time:
   Elf:3: 2715 daAuts
 Crypt:1: 2578 daAuts
Vaults:5: 2531 daAuts
 Snake:4: 2510 daAuts
  Bailey: 2067 daAuts
Shoals:4: 2052 daAuts
  Lair:1: 1900 daAuts
   Elf:1: 1822 daAuts
  Lair:5: 1818 daAuts
Vaults:3: 1684 daAuts
Vaults:4: 1579 daAuts
Shoals:2: 1543 daAuts
Vaults:2: 1399 daAuts
  Lair:2: 1387 daAuts
     D:7: 1371 daAuts
